 Dungeon Crawl Stone Soup version 0.30.0-10-gfe55d96785 (webtiles) character file.

Game seed: 658638776022496606

35 SkeletonJelly the Chopper (level 3, -5/30 HPs)
             Began as a Hill Orc Reaver on May 13, 2023.
             Slain by a worm (9 damage)
             ... on level 2 of the Dungeon.
             The game lasted 00:01:46 (933 turns).

SkeletonJelly the Chopper (Hill Orc Reaver)          Turns: 933, Time: 00:01:46

Health: -5/30      AC:  3    Str: 14    XL:     3   Next: 35%
Magic:  5/5        EV: 11    Int: 15    God:
Gold:   50         SH:  0    Dex:  9    Spells: 4/5 levels left

rFire   . . .        a - +0 hand axe
rCold   . . .        (no shield)
rNeg    . . .        b - +0 leather armour
rPois   .            (no helmet)
rElec   .            (no cloak)
rCorr   .            (no gloves)
SInv    .            (no boots)
Will    .....        (no amulet)
Stlth   +            (no ring)
HPRegen 0.25/turn    (no ring)
MPRegen 0.09/turn

%: no passive effects
@: no status effects
A: no striking features
a: no special abilities


You were on level 2 of the Dungeon.
You visited 1 branch of the dungeon, and saw 2 of its levels.

You collected 50 gold pieces.

Inventory:

Hand Weapons
 a - a +0 hand axe (weapon)
Missiles
 c - 5 javelins
Armour
 b - a +0 leather armour (worn)
Scrolls
 e - a scroll of immolation {unknown}
 g - a scroll of vulnerability {unknown}
 i - a scroll of enchant armour {unknown}
Potions
 d - a potion of haste {unknown}
 f - a potion of berserk rage {unknown}
 h - a potion of flight {unknown}


   Skills:
 - Level 2.4 Fighting
 + Level 4.6 Axes
 - Level 1.5 Dodging
 - Level 1.5 Spellcasting
 - Level 3.0 Conjurations
 * Level 2.3 Necromancy


You had 4 spell levels left.
You knew the following spells:

 Your Spells              Type           Power      Damage    Failure   Level
a - Kiss of Death         Conj/Necr      36%        2d8       10%         1

Your spell library contained the following spells:

 Spells                   Type           Power      Damage    Failure   Level
 Momentum Strike          Conj/Tloc      10%        3d8       24%         2
 Hailstorm                Conj/Ice       5%         3d4       43%         3


Dungeon Overview and Level Annotations

Branches:
Dungeon (2/15)

Altars:


Message History

The ball python closely misses you. The ball python completely misses you.
You hit the ball python.
You kill the ball python!
You closely miss the ball python. The ball python bites you.
The ball python grabs you. The ball python constricts you.
You take 2 damage, and have 28/30 hp.
You hit the ball python.
You kill the ball python!
No target in view!
No target in view!
No target in view!
No target in view!
You see here a ball python corpse.
You open the door.
There is an open door here.
Key pressed, stopping explore.
A worm comes into view.
Health restored: 30 A worm is nearby!
A worm is nearby!
A worm is nearby!
A goblin comes into view. It is wielding a +0 dagger.
Found a leather armour.
The goblin shouts!
The worm bites you.
You take 2 damage, and have 28/30 hp.
You hit the worm.
The worm is lightly wounded.
The worm closely misses you.
You hit the worm.
The worm is moderately wounded.
You hit the worm.
The worm is heavily wounded.
The worm bites you.
You take 5 damage, and have 24/30 hp.
You hit the worm.
The worm is heavily wounded.
You hit the worm but do no damage.
The worm is heavily wounded.
You hit the goblin but do no damage. The goblin hits you but does no damage.
The worm closely misses you.
You hit the worm but do no damage.
The worm is heavily wounded.
You hit the goblin but do no damage. The goblin hits you with a +0 dagger.
The worm closely misses you.
You take 2 damage, and have 23/30 hp.
You barely miss the worm.
The worm is moderately wounded.
You hit the goblin.
You kill the goblin!
You barely miss the worm.
The worm is moderately wounded.
The worm barely misses you.
You barely miss the worm.
The worm is moderately wounded.
The worm bites you.
You take 5 damage, and have 18/30 hp.
You barely miss the worm.
The worm is moderately wounded.
You hit the worm.
The worm is heavily wounded.
The worm misses you.
You hit the worm but do no damage.
The worm is heavily wounded.
The worm closely misses you.
You hit the worm.
The worm is heavily wounded.
You hit the worm. You punch the worm.
The worm is almost dead.
The worm bites you.
You take 3 damage, and have 16/30 hp.
You barely miss the worm. You punch the worm.
The worm is almost dead.
The worm bites you!
* * * LOW HITPOINT WARNING * * *
You take 8 damage, and have 8/30 hp.
MASSIVE DAMAGE!!
You are too injured to fight recklessly!
You are too injured to fight recklessly!
You are too injured to fight recklessly!
You are too injured to fight recklessly!
You are too injured to fight recklessly!
You hit the worm.
The worm is almost dead.
You barely miss the worm.
The worm is almost dead.
The worm bites you but does no damage.
You barely miss the worm.
The worm is almost dead.
The worm barely misses you.
You hit the worm.
The worm is almost dead.
You hit the worm.
The worm is almost dead.
The worm bites you.
* * * LOW HITPOINT WARNING * * *
You take 5 damage, and have 4/30 hp.
You hit the worm but do no damage.
The worm is almost dead.
The worm bites you!
You die...

.....#####
.#.......# #.
.<.#.###.# #.
#.##.# # #.# #....#
#. #.### ########.#
###...####### #
.....##...........#
#....##.?......#
#....)@......#
#.####.w...### #.#
#.....[#
#.#########.#
#.......# ..
#######.### # #...#
##########.#
#..........#


You could see a worm.

Vanquished Creatures
  2 dart slugs (D:1)
  2 endoplasms (D:2)
  A giant cockroach (D:1)
  6 goblins
  4 jackals (D:1)
  3 kobolds (D:1)
  2 quokkas (D:1)
  3 ball pythons
  2 bats (D:1)
  2 frilled lizards (D:1)
  3 rats (D:1)
30 creatures vanquished.

Notes
Turn   | Place    | Note
-------+----------+-------------------------------------------
     0 | D:1      | SkeletonJelly the Hill Orc Reaver began the quest for the
                  | Orb.
     0 | D:1      | Reached XP level 1. HP: 18/18 MP: 3/3
   161 | D:1      | Reached skill level 1 in Necromancy
   165 | D:1      | Reached XP level 2. HP: 25/25 MP: 4/4
   369 | D:1      | Reached XP level 3. HP: 29/30 MP: 5/5
   933 | D:2      | Slain by a worm

Illustrated notes

Levels and vault maps discovered:
D:1:      dpeg_arrival_court, layout_basic
D:2:      layout_basic

Skill      XL: |  1  2 |
---------------+-------+-----
Necromancy     | 1 2 |  2.3
Fighting       | |  2.4
Axes           | |  4.6
Dodging        | |  1.5
Spellcasting   | |  1.5
Conjurations   | |  3.0

Action                     || total
---------------------------++-------
  Melee: Hand axe          ||   114
         Punch             ||     3
 Armour: Leather armour    ||    25
  Dodge: Dodged            ||    72
